 Seeded DCSS version 0.29.1-15-g9cfb28693d (webtiles) character file.

Game seed: 11720881743998061700 (custom seed)

16 Mickster the Shield-Bearer (level 2, -6/25 HPs)
             Began as a Demigod Fighter on Feb 27, 2023.
             Mangled by Terence
             ... wielding a +2 flail of holy wrath
              (8 damage)
             ... on level 2 of the Dungeon.
             The game lasted 00:05:56 (628 turns).

Mickster the Shield-Bearer (Demigod Fighter)         Turns: 628, Time: 00:05:57

Health: -6/25      AC:  6    Str: 17    XL:     2   Next: 27%
Magic:  4/4        EV:  9    Int: 10    God:
Gold:   46         SH:  4    Dex: 13    Spells: 1/1 levels left

rFire   . . .      SeeInvis .   a - +0 war axe
rCold   . . .      Faith    .   c - +0 buckler
rNeg    . . .      Spirit   .   b - +0 scale mail
rPois   .          Reflect  .   (no helmet)
rElec   .          Harm     .   (no cloak)
rCorr   .          Rampage  .   (no gloves)
Will    .....                   (no boots)
Stlth   ..........              (no amulet)
HPRegen 0.08/turn               (no ring)
MPRegen 0.09/turn               (no ring)

@: no status effects
A: high MP 1, forlorn, divine attributes
a: no special abilities


You were on level 2 of the Dungeon.
You visited 1 branch of the dungeon, and saw 2 of its levels.

You collected 46 gold pieces.

Inventory:

Hand Weapons
 a - a +0 war axe (weapon)
 f - a +0 short sword
Missiles
 e - 15 stones (quivered)
Armour
 b - a +0 scale mail (worn)
 c - a +0 buckler (worn)
Potions
 d - a potion of might


   Skills:
 + Level 2.7 Fighting
 * Level 2.1 Axes
 + Level 2.9 Armour
 + Level 0.3 Dodging
 + Level 3.0 Shields


You had one spell level left.
You didn't know any spells.
Your spell library was empty.

Dungeon Overview and Level Annotations

Branches:
Dungeon (2/15)

Annotations:
D:2 Terence


Innate Abilities, Weirdness & Mutations

You have an increased reservoir of magic. (+10% MP)
You shall have no god before yourself.
Your divine heritage dramatically boosts your attributes as you level up.


Message History

You kill the frilled lizard!
You block the quokka's attack.
You slash the quokka!
You kill the quokka!
You hit the endoplasm but do no damage. The endoplasm freezes you.
You are frozen.
The endoplasm closely misses you.
You slash the endoplasm!
You kill the endoplasm!
You slash the kobold!
You kill the kobold!
There is a stone staircase leading up, spattered with blood here.
Items here: ) †††.
f - a +0 short sword Terence the Incautious comes into view.
He is wielding a +2 flail of holy wrath.
Terence shouts!
A hobgoblin comes into view.
Found a stone staircase leading up.
The hobgoblin shouts!
You hit the hobgoblin.
The hobgoblin is heavily wounded.
The hobgoblin hits you but does no damage.
You slash the hobgoblin!
You kill the hobgoblin!
You see here a hobgoblin corpse.
Terence hits you with a +2 flail of holy wrath.
You hit Terence but do no damage. Terence barely misses you. x2
You closely miss Terence.
Terence says, "Don't bother to defend, it's useless."
Terence hits you with a +2 flail of holy wrath.
You hit Terence but do no damage.
Terence hits you with a +2 flail of holy wrath!
* * * LOW HITPOINT WARNING * * *
Terence hits you with a +2 flail of holy wrath.
* * * LOW HITPOINT WARNING * * *
You barely miss Terence. Terence completely misses you.
You hit Terence.
Terence is moderately wounded.
Terence hits you with a +2 flail of holy wrath!
You die...

.####.# .....#
..########....#
#.......<.....#
#.#######.....##..
##. #...........
#..#####......<...#
#.#........#####.##
#...†@@..### #
.......$.####
......#..#
........##
......... ......###
.....< ......


You could see Terence.

Vanquished Creatures
  An endoplasm (D:2)
  A goblin (D:1)
  2 hobgoblins
  2 quokkas
  A ball python (D:1)
  4 bats
  A frilled lizard (D:2)
  2 kobolds
  2 rats (D:1)
16 creatures vanquished.

Notes
Turn   | Place    | Note
-------+----------+-------------------------------------------
     0 | D:1      | Mickster the Demigod Fighter began the quest for the Orb.
     0 | D:1      | Reached XP level 1. HP: 18/18 MP: 3/3
   323 | D:1      | Reached skill level 3 in Shields
   600 | D:2      | Reached XP level 2. HP: 22/25 MP: 4/4
   612 | D:2      | Noticed Terence
   626 | D:2      | HP: 1/25 [Terence/+2 flail of holy wrath (2)]
   628 | D:2      | Mangled by Terence

Illustrated notes

Levels and vault maps discovered:
D:1:      saegor_arrival_simple_c, layout_loops_corners
D:2:      layout_rooms, uniq_terence

Skill      XL: |  1 |
---------------+----+-----
Shields        | 3 |  3.0
Axes           | 2 |  2.1
Fighting       | |  2.7
Armour         | |  2.9
Dodging        | |  0.3

Action                   || total
-------------------------++-------
Melee: War axe           ||    52
  Use: Scroll            ||     2
       Potion            ||     1
Armor: Scale mail        ||    26
Dodge: Dodged            ||    31
Block: Buckler           ||    16
